[Event "*** SCC Grand Prix: Titled Tuesday Blitz"]
[Site "Chess.com"]
[Date "2020.06.23"]
[Round "4"]
[White "NormWeinstein"]
[Black "kakakz"]
[Result "1/2-1/2"]
[WhiteElo "2517"]
[BlackElo "2350"]
[TimeControl "180+1"]
[EndTime "10:40:40 PDT"]
[Termination "Game drawn by repetition"]

1. e4 c5 2. Nf3 d6 3. Nc3 Nf6 4. e5 dxe5 5. Nxe5 e6 6. g3 Nbd7 7. Nc4 Nb6 8. b3 Be7 9. Bg2 O-O 10. O-O Nbd5 11. Bb2 b6 12. d3 Bb7 13. Ne4 Nxe4 14.
dxe4 Nb4 15. Qe2 b5 16. Rfd1 Qc7 17. Be5 Qc6 18. Na5 Qb6 19. Nxb7 Qxb7 20. Qg4 g6 21.
Rd2 Nc6 22. Bb2 Rad8 23. Rad1 Qc7 24. Qe2 a6 25. e5 Nd4 26. Bxd4 cxd4 27. Rxd4 Rxd4 28.
Rxd4 Rc8 29. c4 Bc5 30. Re4 b4 31. Qc2 Rd8 32. Re2 Qd7 33. h4 h5 34. Kh2 a5 35.
Be4 Kg7 36. Kg2 Qd4 37. Bf3 Rd7 38. Bc6 Rd8 39. Qc1 Qd3 40. Qe1 Qd4 41. Bf3 Qd3 42.
Re4 Rd7 43. Re2 Rd8 44. Be4 Qd4 45. Bc2 Rd7 46. Re4 Qd2 47. Re2 Qd4 48. Be4 Rd8 49. Bf3 Rd7 50. Kg1 Rd8 51. Re4 Qd2 52. Re2 Qd4 53.
Kg2 1/2-1/2

[Event "*** SCC Grand Prix: Titled Tuesday Blitz"]
[Site "Chess.com"]
[Date "2020.06.23"]
[Round "4"]
[White "Smile2005"]
[Black "SharapovEvgeny"]
[Result "1-0"]
[WhiteElo "2541"]
[BlackElo "2368"]
[TimeControl "180+1"]
[EndTime "10:40:41 PDT"]
[Termination "Smile2005 won on time"]

1. d4 d5 2. c4 c6 3. cxd5 cxd5 4. Nc3 Nf6 5. Nf3 Nc6 6. Bf4 a6 7. e3 Bg4 8. Be2 e6 9. O-O Be7 10. Rc1 O-O 11. Ne5 Bxe2 12. Qxe2 Nxe5 13. Bxe5 Rc8 14.
h3 Qd7 15. Qd3 Rc6 16. Ne2 Rfc8 17. Rxc6 Rxc6 18. Rc1 Rxc1+ 19. Nxc1 Qc6 20. Nb3 Nd7 21. Bf4 b5 22. Nd2 Nb6 23. b3 Nc8 24. e4 Nd6 25. exd5 Qxd5 26. Bxd6 Bxd6 27. Ne4 Be7 28. Nc3 Qd6 29. Ne4 Qc6 30. f3 h6 31. Qc3 Qxc3 32.
Nxc3 Bf6 33. Ne2 Kf8 34. Kf2 Ke7 35. Ke3 Kd6 36. Ke4 Bd8 37. g4 g6 38. Nf4 f5+ 39.
Kd3 g5 40. Ne2 Bf6 41. Ng3 fxg4 42. fxg4 Kd5 43. Ne2 b4 44. Ke3 Bd8 45. Kd3 Bb6 46.
Ng3 Bxd4 47. Ne4 Bg7 48. Ke3 a5 49. Kd3 Ke5 50. Ke3 Bf8 51. Nd2 Bc5+ 52. Kd3 Kf4 53. Nc4 Kg3 54. Nxa5 Kxh3 55. Nb7 Be7 56. Ke4 Kxg4 57.
Na5 h5 58. Nc4 1-0

[Event "*** SCC Grand Prix: Titled Tuesday Blitz"]
[Site "Chess.com"]
[Date "2020.06.23"]
[Round "4"]
[White "Herracek"]
[Black "Grineva_Marianna"]
[Result "1-0"]
[WhiteElo "2574"]
[BlackElo "2198"]
[TimeControl "180+1"]
[EndTime "10:40:43 PDT"]
[Termination "Herracek won on time"]

1. c4 e5 2. g3 d6 3. Bg2 Be7 4. d4 f5 5. dxe5 dxe5 6. Qxd8+ Bxd8 7. Nc3 Nf6 8. Nf3 Nc6 9. O-O e4 10. Nd2 Nd4 11. e3 Nc2 12. Rb1 Nb4 13. b3 a5 14.
Rd1 O-O 15. Ba3 c6 16. Na4 Be7 17. Nb6 Rb8 18. Nxc8 Rbxc8 19. Nf1 Rfd8 20. h3 Kf7 21.
g4 g6 22. Ng3 Ke6 23. gxf5+ gxf5 24. Ne2 Rg8 25. Nd4+ Kf7 26. Nxf5 Rg5 27. Nxe7 Kxe7 28. Kh2 Rcg8 29. Rg1 Ke6 30. Bxb4 axb4 31. Bh1 h6 32. Rxg5 hxg5 33. Kg3 Ra8 34. Rb2 Rd8 35. Bg2 Rd1 36.
Kh2 Ke5 37. Rc2 Nd7 38. Kg3 Nc5 39. f3 exf3 40. Bxf3 Rd3 41. Kf2 Ne4+ 42. Bxe4 Kxe4 43.
Re2 Rc3 44. Kg3 Kf5 45. Kf3 Ke5 46. Rd2 b5 47. cxb5 cxb5 48. Rd7 Rc2 49. Rb7 Rxa2 50.
Rxb5+ Kf6 51. Rxb4 Rh2 52. Rb6+ Kf5 53. Rb5+ Kf6 54.
Kg4 Re2 55. Rf5+ Ke6 56. Rf3 Rb2 57. e4 Ke5 58. Kxg5 Kxe4 59. Rg3 Rb1 60. h4 Ke5 61. h5 Ke6 62. Kg6 Rh1 63. h6 Ra1 64. h7 Ra8 65.
Rh3 Ke5 66. h8=Q+ Rxh8 67. Rxh8 1-0

[Event "*** SCC Grand Prix: Titled Tuesday Blitz"]
[Site "Chess.com"]
[Date "2020.06.23"]
[Round "4"]
[White "mshuaau0"]
[Black "HouseOfDurin"]
[Result "1-0"]
[WhiteElo "2203"]
[BlackElo "1906"]
[TimeControl "180+1"]
[EndTime "10:40:44 PDT"]
[Termination "mshuaau0 won by checkmate"]

1. e4 c5 2. Nf3 Nc6 3. d4 cxd4 4. Nxd4 e5 5. Nb3 Nf6 6. Nc3 Bb4 7. Bg5 Bxc3+ 8. bxc3 O-O 9. Qf3 h6 10. Bxf6 Qxf6 11.
Qxf6 gxf6 12. Bc4 Rd8 13. O-O-O Kf8 14. Rd3 Ke7 15. Rhd1 d6 16. f4 Bg4 17. R1d2 exf4 18.
Bd5 Ne5 19. Rd4 f3 20. Bxb7 Rab8 21. Na5 Be6 22. gxf3 Nxf3 23. Nc6+ Ke8 24. Nxb8 Nxd4 25. cxd4 Rxb8 26. Bc6+ Bd7 27. Bxd7+ Kxd7 28. Rg2 Re8 29.
Rg4 f5 30. exf5 Re1+ 31. Kb2 Re2 32. Rh4 Rf2 33. Rh5 Rf4 34. Kb3 Kc6 35. c3 a5 36.
h3 f6 37. Ka4 Kd5 38. Rxh6 Rxf5 39. Kxa5 Kc4+ 40. Kb6 Kxc3 41. a4 Kxd4 42. a5 Ke4 43.
a6 Rf1 44. a7 Rb1+ 45. Kc7 Ra1 46. Kb7 d5 47. Rxf6 Rb1+ 48. Kc7 Ra1 49. Kb7 Rb1+ 50. Rb6 Ra1 51. a8=Q Rxa8 52. Kxa8 d4 53. Rd6 d3 54. Rd8 Ke3 55. h4 d2 56. h5 Ke2 57.
Rxd2+ Kxd2 58. h6 Ke3 59. h7 Kf4 60. h8=Q Kg5 61. Kb7 Kf5 62. Kc6 Ke6 63. Qd4 Kf5 64. Qd5+ Kf6 65. Kd6 Kg7 66. Qf5 Kh6 67. Qg4 Kh7 68.
Ke6 Kh8 69. Kf6 Kh7 70. Qg7# 1-0

[Event "*** SCC Grand Prix: Titled Tuesday Blitz"]
[Site "Chess.com"]
[Date "2020.06.23"]
[Round "4"]
[White "Panterov"]
[Black "Sadykov_Ramil"]
[Result "0-1"]
[WhiteElo "2164"]
[BlackElo "2396"]
[TimeControl "180+1"]
[EndTime "10:40:46 PDT"]
[Termination "Sadykov_Ramil won on time"]

1. e4 c6 2. Nc3 d5 3. Nf3 Bg4 4. h3 Bh5 5. exd5 cxd5 6. Bb5+ Nc6 7. d4 Nf6 8. g4 Bg6 9. Ne5 Qb6 10. g5 Ne4 11. Nxd5 Qa5+ 12. b4 Qd8 13. c4 Rc8 14.
Qa4 Qd6 15. Bf4 Qe6 16. Qxa7 f6 17. Nxg6 hxg6 18. Be3 Kf7 19. Qxb7 Nxg5 20. Nf4 Qe4 21. O-O-O Nxb4 22. Qxe4 Nxe4 23. Kb2 g5 24. Nd3 Nxd3+ 25.
Rxd3 e6 26. d5 e5 27. d6 Bxd6 28. Rhd1 Bc5 29. f3 Bxe3 30. fxe4 Bd4+ 31. Kb3 Ra8 32. a4 Rh4 33. Kb4 Rxh3 34. Rxh3 Rc8 35. Rhd3 g4 36. Kb3 g6 37. a5 f5 38. exf5 gxf5 39. a6 Rc7 40. Rxd4 exd4 41. Rxd4 Ke6 42. c5 Ke5 43.
Ra4 Ra7 44. c6 Kd6 45. Rd4+ Kc5 46. Rd7 Ra8 47. Ka4 g3 48. Rg7 f4 49. Ka5 Rf8 50. c7 Kd6 51. a7 Kc5 52. Rg5+ Kd6 53. Ka6 Kxc7 54. Rg7+ Kd6 55. Rg6+ Kc5 56. Bc6 g2 0-1

[Event "*** SCC Grand Prix: Titled Tuesday Blitz"]
[Site "Chess.com"]
[Date "2020.06.23"]
[Round "4"]
[White "Oleksandr_Bortnyk"]
[Black "letsgoband"]
[Result "1-0"]
[WhiteElo "2895"]
[BlackElo "2554"]
[TimeControl "180+1"]
[EndTime "10:40:47 PDT"]
[Termination "Oleksandr_Bortnyk won by resignation"]

1. e4 e5 2. Nf3 Nc6 3. Bc4 Nf6 4. Ng5 d5 5. exd5 Na5 6. Bb5+ c6 7. dxc6 bxc6 8.
Bd3 Nd5 9. Nf3 Bd6 10. O-O O-O 11. Re1 Qc7 12. Bf1 f5 13. d3 c5 14. Bd2 Nc6 15. Na3 Bb7 16. Nb5 Qd7 17. Nxd6 Qxd6 18. c3 Rad8 19. Qb3 Rd7 20. Qa3 Ba8 21. Re2 Nf6 22.
Rae1 e4 23. dxe4 Nxe4 24. Bc1 Kh8 25. Re3 h6 26. Bb5 Qb8 27. Qa4 Rc7 28. Bd3 Nd8 29.
Ne5 Kh7 30. Nd7 Rxd7 31. Qxd7 Bc6 32. Qe7 Rf7 33. Qh4 g5 34. Qh5 Kg7 35. Bxe4 Bxe4 36. f3 Bd5 37. b3 Qd6 38. c4 Bc6 39. Bb2+ Kg8 40. Re6 Nxe6 41. Qg6+ Kf8 42. Qxh6+ Ke7 43. Qxg5+ Kd7 44. Qg6 Re7 45. Bf6 Re8 46. Qxf5 Qd2 47.
Qe5 Qd4+ 48. Qxd4+ Nxd4 49. Rxe8 Kxe8 50. Bxd4 cxd4 51.
Kf2 Kf7 52. Ke2 Bd7 53. Kd3 Bf5+ 54. Kxd4 Bb1 55. a3 Bc2 56. b4 Ke6 57. g3 Bd1 58. f4 Bg4 59. Kc5 Kd7 60. b5 Kc7 61. a4 Bf3 62. a5 Bg4 63. h4 Bh5 64. f5 Bg4 65. f6 Bh5 66. b6+ axb6+ 67. axb6+ Kb7 68. Kd6 Kxb6 69. Ke7 Kc5 70. f7 Bxf7 71. Kxf7 1-0

[Event "*** SCC Grand Prix: Titled Tuesday Blitz"]
[Site "Chess.com"]
[Date "2020.06.23"]
[Round "4"]
[White "BogdanBelyakov89"]
[Black "Love_craft"]
[Result "1-0"]
[WhiteElo "2593"]
[BlackElo "2436"]
[TimeControl "180+1"]
[EndTime "10:40:47 PDT"]
[Termination "BogdanBelyakov89 won by checkmate"]

1. e4 e5 2. Nf3 Nc6 3. Nc3 Nf6 4. Be2 g6 5. d4 d6 6. Bg5 h6 7. Bxf6 Qxf6 8. Nd5 Qd8 9. dxe5 Nxe5 10. Nxe5 dxe5 11. h4 h5 12. c3 c6 13. Ne3 Qxd1+ 14. Rxd1 Bc5 15.
Nc4 f6 16. b4 Be7 17. Nd6+ Bxd6 18. Rxd6 Ke7 19. Rd2 Be6 20. O-O Rhd8 21. Rfd1 Rxd2 22. Rxd2 a5 23. a3 axb4 24. axb4 Ra1+ 25. Rd1 Ra2 26. Bd3 Bg4 27. Rc1 Ra3 28. f3 Be6 29. Kf2 b6 30.
Ke3 c5 31. bxc5 bxc5 32. g3 Bf7 33. Kd2 Ra2+ 34. Rc2 Rxc2+ 35. Kxc2 Kd6 36. Bb5 Kc7 37. Kb2 Kb6 38. Bd7 Kc7 39. Ba4 Kb6 40. Ka3 Ka5 41. Bd7 Kb6 42. Ka4 g5 43. Ka3 gxh4 44. gxh4 Bg6 45.
Kb3 Bf7+ 46. Kc2 Bg6 47. Kd3 Bf7 48. Ke3 Ka5 49. f4 Kb6 50. f5 c4 51. Kd2 Kc5 52.
Kc2 Kd6 53. Ba4 Kc5 54. Kb2 Kb6 55. Bd7 Kc7 56. Ba4 Kd6 57. Ka3 Kc5 58. Bd7 Kd6 59. Bb5 Kc5 60. Ka4 Kb6 61. Kb4 Bg8 62. Bxc4 Bh7 63. Be6 Kc7 64. c4 Kd6 65. c5+ Kc7 66.
Kb5 Kd8 67. Kb6 Ke7 68. c6 Bxf5 69. Bxf5 Kd6 70. c7 Ke7 71. c8=Q Kd6 72. Qd7# 1-0

[Event "*** SCC Grand Prix: Titled Tuesday Blitz"]
[Site "Chess.com"]
[Date "2020.06.23"]
[Round "4"]
[White "kuban1991"]
[Black "Onischuk_V"]
[Result "0-1"]
[WhiteElo "2724"]
[BlackElo "2876"]
[TimeControl "180+1"]
[EndTime "10:40:48 PDT"]
[Termination "Onischuk_V won on time"]

1. Nf3 g6 2. d4 Bg7 3. e4 d6 4.
Nc3 Nf6 5. Bg5 h6 6. Be3 O-O 7. Qd2 Ng4 8. Bf4 e5 9. dxe5 dxe5 10. Bg3 Qxd2+ 11. Nxd2 Nd7 12. h3 Ngf6 13. O-O-O Nh5 14. Bh2 Nb6 15. Nc4 Nxc4 16. Bxc4 c6 17. Rd6 Kh7 18. a4 Bf6 19. g4 Bg5+ 20. Kb1 Nf4 21. Bg3 Be7 22.
Rd2 Kg7 23. f3 Rd8 24. Rxd8 Bxd8 25. Ne2 Bc7 26. Nxf4 exf4 27. Bf2 Bd7 28. Rd1 Be8 29. Kc1 a6 30. Bd4+ f6 31. Bc5 Rd8 32. Rxd8 Bxd8 33. Bd6 g5 34. b4 b5 35. Bb3 a5 36. axb5 cxb5 37. bxa5 Bxa5 38. Bd5 Bc3 39. Kd1 Be5 40.
Bc5 h5 41. Ke2 h4 42. Kd3 Bd7 43. Bb4 Bc7 44. Bc5 Be5 45. c3 Bc7 46. Bd4 Bd6 47. Kc2 Be7 48. Kb3 Kf8 49. Bb6 Ke8 50.
Bc7 Bc5 51. Ba5 Ke7 52. Bb4 Kd6 53. Bf7 Kc6 54. Bd5+ Kb6 55. Bf7 Bc6 56. Be6 Be8 57. Bd5 Bd7 58. Bf7 Bxg4 59. fxg4 f3 60. Bxc5+ Kxc5 61. e5 f2 0-1

[Event "*** SCC Grand Prix: Titled Tuesday Blitz"]
[Site "Chess.com"]
[Date "2020.06.23"]
[Round "4"]
[White "GelmanAlexander"]
[Black "Anton_Demchenko"]
[Result "1/2-1/2"]
[WhiteElo "2557"]
[BlackElo "2837"]
[TimeControl "180+1"]
[EndTime "10:40:48 PDT"]
[Termination "Game drawn - insufficient material"]

1. c4 d6 2. Nf3 Nf6 3. e3 e5 4. Nc3 Be7 5. d4 Nbd7 6. Be2 O-O 7. b4 Re8 8. O-O Bf8 9. Bb2 exd4 10. Nxd4 g6 11. Qb3 c6 12. h3 a5 13. a3 Bg7 14.
Rfd1 Qe7 15. Qc2 Nb6 16. Bf1 h5 17. Rd2 Bh6 18. Rad1 axb4 19. axb4 d5 20. cxd5 cxd5 21. Qb3 Bd7 22. Nf3 Rac8 23. b5 Bg7 24. Ba1 Bf5 25.
Nd4 Bd7 26. Rc1 Ne4 27. Rdd1 Nxf2 28. Re1 Nxh3+ 29. gxh3 Qg5+ 30. Kh1 Rxe3 31. Rxe3 Qxe3 32. Nce2 Qxb3 33. Nxb3 Rxc1 34. Nexc1 Bf8 35. Bd4 Nc4 36.
b6 Bc6 37. Nd3 Bd6 38. Bg2 Kf8 39. Bc5 Ke7 40. Nd4 Bxc5 41. Nxc5 Nxb6 42. Kg1 Kd6 43. Nd3 Nc4 44. Kf2 b5 45. Nxc6 Kxc6 46. Nb4+ Kc5 47.
Nxd5 Nd6 48. Ne3 b4 49. Ke2 b3 50. Kd3 f5 51. h4 f4 52. Nd5 Nf5 53. Nxf4 Nxh4 54.
Be4 b2 55. Kc2 g5 56. Nxh5 Kd4 57. Bb7 Ke3 58. Kxb2 Nf5 59. Kc3 g4 60. Bc8 g3 61.
Bb7 Nd4 62. Nxg3 Ne2+ 63. Nxe2 Kxe2 1/2-1/2

[Event "*** SCC Grand Prix: Titled Tuesday Blitz"]
[Site "Chess.com"]
[Date "2020.06.23"]
[Round "4"]
[White "BJthechessgod"]
[Black "SavelievAlexei"]
[Result "0-1"]
[WhiteElo "2214"]
[BlackElo "2414"]
[TimeControl "180+1"]
[EndTime "10:40:48 PDT"]
[Termination "SavelievAlexei won by checkmate"]

1. e4 d6 2. d4 Nf6 3. Nc3 e5 4. Nf3 Nbd7 5. Bc4 Be7 6. dxe5 dxe5 7. O-O O-O 8. h3 c6 9. Be3 b5 10. Bb3 b4 11. Ne2 Nxe4 12. Re1 a5 13. Nc1 Nef6 14. Bg5 e4 15. Nd2 a4 16. Bc4 Ne5 17. Bf1 Bf5 18. Ne2 h6 19. Bxf6 Bxf6 20. Ng3 Bxh3 21. Ndxe4 Bg4 22. Qxd8 Bxd8 23. f3 Be6 24. Nc5 Bf6 25.
Nge4 a3 26. Nxf6+ gxf6 27. b3 Rad8 28. Rad1 Bf5 29. f4 Ng4 30. Bd3 Bxd3 31. Nxd3 Rd4 32.
g3 Rfd8 33. Re7 c5 34. Rc7 Ne3 35. Re1 Nxc2 36. Ree7 Rxd3 37. Rxf7 Rd1+ 38. Kh2 R8d2+ 39. Kh3 Rh1+ 40. Kg4 Ne3+ 41. Kf3 Nf5 42. Rfd7 Rxd7 43. Rxd7 Nd4+ 44. Ke4 Rh2 45. Rc7 Rxa2 46. Rxc5 Nxb3 47.
Rc7 Kf8 48. Kf5 Nd4+ 49. Kxf6 Ke8 50. Ke5 Nb5 51. Rh7 b3 52. Ke6 Kd8 53. Rh8+ Kc7 54. Rh7+ Kc6 55. Rxh6 Nc7+ 56. Ke5+ Kc5 57. Rh7 Nb5 58.
Rb7 Re2+ 59. Kf5 Nd6+ 60. Kf6 Nxb7 61. g4 b2 62. g5 b1=Q 63. g6 Nd6 64. g7 Qf5# 0-1

[Event "*** SCC Grand Prix: Titled Tuesday Blitz"]
[Site "Chess.com"]
[Date "2020.06.23"]
[Round "4"]
[White "deep306"]
[Black "Jumbo"]
[Result "0-1"]
[WhiteElo "2642"]
[BlackElo "2850"]
[TimeControl "180+1"]
[EndTime "10:40:49 PDT"]
[Termination "Jumbo won by resignation"]

1. e4 e5 2. Nf3 Nc6 3. Bb5 a6 4. Ba4 d6 5. c3 Bd7 6. d4 g6 7. O-O Bg7 8. dxe5 dxe5 9. Bg5 f6 10. Be3 Nh6 11. h3 Nf7 12. Nbd2 O-O 13. Nb3 b5 14. Nc5 Bxh3 15. Bb3 Bg4 16. Bd5 Qe8 17. a4 Rd8 18. Nxa6 b4 19. Nxc7 Qe7 20. Nb5 bxc3 21. bxc3 Kh8 22.
Qb3 Na5 23. Qb4 Qd7 24. Nh2 Be2 25. Qxa5 Bxf1 26. Nxf1 Rc8 27. Qb4 f5 28. a5 f4 29.
Bc5 Rfe8 30. a6 f3 31. a7 fxg2 32. Ne3 Ng5 33. a8=Q Qh3 34. Nxg2 Nf3+ 35. Kf1 Rxa8 36. Rxa8 Rxa8 37. Bxa8 Qh1+ 38. Ke2 Qxg2 39. Be3 h5 40. Qe7 Qg4 41. Qe8+ Kh7 42. Kd3 Ne1+ 43. Kc4 Qe2+ 44. Kc5 Nd3+ 45. Kb6 Nxf2 46. Bxf2 Qxf2+ 47. Ka6 h4 48. Bd5 h3 49. Bg8+ Kh6 50. Qe6 h2 51. Qh3+ Kg5 52.
Be6 Qg1 53. Nd6 h1=Q 54. Nf7+ Kf6 55. Nd8 Qxh3 56. Bxh3 Qa1+ 57. Kb7 Qxc3 58. Nc6 Qxh3 0-1

[Event "*** SCC Grand Prix: Titled Tuesday Blitz"]
[Site "Chess.com"]
[Date "2020.06.23"]
[Round "4"]
[White "Yaacovn"]
[Black "Guenplen"]
[Result "1/2-1/2"]
[WhiteElo "2781"]
[BlackElo "2924"]
[TimeControl "180+1"]
[EndTime "10:40:50 PDT"]
[Termination "Game drawn - insufficient material"]

1. d4 d5 2. Nf3 Nf6 3. c3 Bf5 4.
Qb3 Qc8 5. Bg5 Ne4 6. Qxd5 e6 7. Qb3 Nxg5 8. Nxg5 Be7 9. Nf3 O-O 10. g3 c5 11.
Bg2 Be4 12. Nbd2 Bd5 13. c4 Bxf3 14. Nxf3 Nc6 15. d5 Na5 16. Qb5 Qc7 17. O-O a6 18.
Qa4 b5 19. cxb5 axb5 20. Qxb5 exd5 21. Rac1 Nc4 22. Nd4 Ra5 23. Qc6 Qa7 24. Nb3 Rxa2 25. Bxd5 Ne5 26. Qb7 Qxb7 27. Bxb7 Rxb2 28. Bd5 Rxe2 29.
Nxc5 Rd2 30. Bg2 Bxc5 31. Rxc5 Ng4 32. Rc4 Nf6 33. Re1 Rd7 34. h3 g6 35. Rc6 Kg7 36.
Rc2 Rfd8 37. Bf3 Rd2 38. Rxd2 Rxd2 39. Kg2 Rd7 40. Re3 Rc7 41. Rb3 Ng8 42. Re3 Ne7 43. Be4 Nc8 44. Rd3 Ne7 45. Re3 h5 46. Re2 Ng8 47. Bf3 Nf6 48. Re3 Nh7 49. h4 Nf8 50. Rb3 Ne6 51. Rb7 Rxb7 52. Bxb7 Nd4 53. Bd5 f6 54. Bc4 Kh6 55. Bd3 g5 56. hxg5+ fxg5 57. f3 Kg7 58. Bc4 Kf6 59. Kf2 Nf5 60. Bd3 Ne7 61.
Bb5 h4 62. Kg2 hxg3 63. Kxg3 Ng6 64. Ba4 Nf4 65. Bc6 Kg6 66. Be4+ Kf6 67. Kf2 Ke5 68. Kg3 Ne2+ 69. Kg4 Kf6 70. Bd3 Nf4 71. Be4 Ne6 72. Bd5 Nf4 73. Be4 Ng2 74. Bb7 Ne3+ 75. Kg3 Nf5+ 76.
Kg4 Nh6+ 77. Kg3 Ke5 78. Bc8 Kf6 79. f4 gxf4+ 80. Kxf4 1/2-1/2

[Event "*** SCC Grand Prix: Titled Tuesday Blitz"]
[Site "Chess.com"]
[Date "2020.06.23"]
[Round "4"]
[White "attack2mateU"]
[Black "GMBenjaminBok"]
[Result "0-1"]
[WhiteElo "2672"]
[BlackElo "2852"]
[TimeControl "180+1"]
[EndTime "10:40:51 PDT"]
[Termination "GMBenjaminBok won on time"]

1. e4 c5 2. Nf3 d6 3. d4 cxd4 4.
Nxd4 Nf6 5. Nc3 a6 6. Be3 e5 7. Nb3 Be6 8. f3 Be7 9. Qd2 O-O 10. O-O-O Nbd7 11. g4 b5 12. g5 Nh5 13.
Nd5 Bxd5 14. exd5 f6 15. gxf6 Bxf6 16. Kb1 Qc7 17. Qa5 Rac8 18. Qxc7 Rxc7 19. Bh3 Nf4 20. Be6+ Kh8 21. Nd2 Be7 22. Ne4 Nf6 23. Ng5 Nxe6 24. Nxe6 Rcc8 25. Nxf8 Rxf8 26. Rhf1 g6 27. a4 bxa4 28. Ka2 Rc8 29. Rf2 Kg7 30. Rd3 Rc4 31. Bg5 h6 32. Bxf6+ Kxf6 33. Re2 Kf5 34. Rde3 Bd8 35.
Re4 Rc5 36. Rxa4 Rxd5 37. Rxa6 Kf4 38. Ra3 g5 39. Re4+ Kf5 40. Rd3 Rxd3 41. cxd3 d5 42.
Ra4 h5 43. h3 Bb6 44. Kb3 Be3 45. Kc2 d4 46. Kd1 Kf4 47. Ke2 Kg3 48. b4 Kxh3 49.
b5 Bf4 50. b6 e4 51. dxe4 d3+ 52. Kxd3 h4 53. b7 Kg2 54. Ra5 h3 55. e5 h2 56.
b8=Q h1=Q 57. Ra2+ Kg3 58. Qb7 Qd1+ 59. Ke4 Qe1+ 60. Kf5 Qxe5+ 61. Kg6 Qe6+ 62. Kh5 Qxa2 63. Qd7 Qh2+ 64. Kg6 Qh3 65. Qd3 Qg2 66. Kf5 Qxf3 67. Qc2 Qg4+ 68. Kf6 Qf3 0-1

[Event "*** SCC Grand Prix: Titled Tuesday Blitz"]
[Site "Chess.com"]
[Date "2020.06.23"]
[Round "4"]
[White "David_Paravyan"]
[Black "deribas12345"]
[Result "1-0"]
[WhiteElo "2916"]
[BlackElo "2560"]
[TimeControl "180+1"]
[EndTime "10:40:51 PDT"]
[Termination "David_Paravyan won by resignation"]

1. e4 e6 2. d4 d5 3. Nc3 Nf6 4. Bg5 Be7 5. e5 Ne4 6. Bxe7 Qxe7 7. Bd3 Nxc3 8. bxc3 c5 9. Qg4 g6 10. Nf3 cxd4 11.
cxd4 Nc6 12. O-O Bd7 13. c3 Rc8 14. Qf4 Na5 15. Rac1 h6 16. h4 a6 17. Nh2 h5 18.
Rfe1 Bb5 19. Bb1 Nc4 20. Nf3 Na3 21. Re3 Ba4 22. Bd3 Bb5 23. Bb1 Nc4 24. Ree1 Na3 25. Ng5 Nxb1 26. Rxb1 Rxc3 27. Rbc1 Rxc1 28. Rxc1 Bc4 29. a4 Kd7 30. a5 Rf8 31. Nh7 Rc8 32. Ng5 Rf8 33. Rb1 Kc7 34. Qd2 Kb8 35. Rb6 Rc8 36.
Qf4 Rc7 37. Rd6 Bb5 38. Kh2 Ka7 39. Qf3 Be8 40. Qb3 Rc6 41. Qb4 Rxd6 42. exd6 Qd7 43. Nh7 Qd8 44. Nf8 Bc6 45. d7 Qxh4+ 46. Kg1 Qd8 47. Qd6 Bxd7 48. Nxd7 Qc8 49. Qb6+ Ka8 50. Nc5 Qc6 51. Qxc6 bxc6 52. Nxa6 f6 53. Nc5 e5 54. Kf1 e4 55. Ke2 f5 56. f4 h4 57. Ke3 Ka7 58. Kd2 g5 59. fxg5 f4 60. Ne6 f3 61. Ke3 h3 62. gxh3 f2 63. Kxf2 Ka6 64. Ke3 Kxa5 65. g6 c5 66. g7 cxd4+ 67. Nxd4 Kb4 68. g8=Q Ka4 69. Qxd5 1-0

[Event "*** SCC Grand Prix: Titled Tuesday Blitz"]
[Site "Chess.com"]
[Date "2020.06.23"]
[Round "4"]
[White "Mourinho_Jose"]
[Black "JakubPulpan"]
[Result "0-1"]
[WhiteElo "2486"]
[BlackElo "2686"]
[TimeControl "180+1"]
[EndTime "10:40:51 PDT"]
[Termination "JakubPulpan won on time"]

1. Nf3 Nf6 2. g3 g6 3. Bg2 Bg7 4. O-O O-O 5. d4 c5 6. c3 cxd4 7. cxd4 d5 8. Ne5 Ng4 9. Nxg4 Bxg4 10. Nc3 Nc6 11. Be3 e5 12. Nxd5 exd4 13. Bf4 Re8 14. Re1 Rc8 15. Qd2 Be6 16. Nb4 Nxb4 17. Qxb4 Bd5 18.
Qb5 Bxg2 19. Kxg2 Qe7 20. Qd3 Rc6 21. Rac1 Rec8 22. Rxc6 bxc6 23. Rc1 c5 24. b3 h5 25.
h4 Bf8 26. Rc2 a5 27. Rc4 Qb7+ 28. Qf3 Qd7 29. Qe4 Re8 30. Qd3 Qd5+ 31. Qf3 Qe6 32. Rc2 Qa6 33. Bg5 a4 34. Bf6 axb3 35. axb3 Qe6 36.
Bg5 Rb8 37. Rc4 Be7 38. Bxe7 Qxe7 39. Qd3 Qb7+ 40. Qf3 Qb6 41. Qd5 Qxb3 42. Rxc5 Qb2 43. Rc4 Qxe2 44. Rxd4 Rb2 45. Qf3 Qe7 46. Rf4 Rb6 47.
Qa8+ Kg7 48. Qf3 Re6 49. Qc3+ Kh7 50. Qf3 Kg8 51. Qc3 Qb7+ 52. Qf3 Qa7 53. Qd3 Re8 54. Qf3 Rb8 55. Re4 Qc7 56. Rf4 Qd7 57. Re4 Rb1 58. Re3 Qc7 59. Rd3 Qc1 60. Rd8+ Kg7 0-1

[Event "*** SCC Grand Prix: Titled Tuesday Blitz"]
[Site "Chess.com"]
[Date "2020.06.23"]
[Round "4"]
[White "XxPetroffsxX"]
[Black "rynos0411"]
[Result "0-1"]
[WhiteElo "1916"]
[BlackElo "2376"]
[TimeControl "180+1"]
[EndTime "10:40:51 PDT"]
[Termination "rynos0411 won on time"]

1. e4 d6 2. d4 Nf6 3. Nc3 c6 4.
Nge2 Qa5 5. f3 e5 6. Be3 Be7 7. Qd2 Nbd7 8. g4 b5 9. Ng3 g6 10. h4 h5 11. g5 Nh7 12. d5 Bb7 13. dxc6 Bxc6 14. Nxb5 Qxd2+ 15. Kxd2 Rb8 16. a4 a6 17. Nc7+ Kd8 18. Nxa6 Rxb2 19. Bc4 f6 20. Kc3 Rb7 21. Nb4 Nb8 22. a5 Rxb4 23. Kxb4 d5+ 24. Kc3 d4+ 25.
Bxd4 exd4+ 26. Kxd4 fxg5 27. a6 Nd7 28. a7 Kc7 29.
Bd5 Bf6+ 30. Kc4 Bxa1 31. Rxa1 Ra8 32. hxg5 Nxg5 33. f4 Nf3 34. Ne2 h4 35. f5 gxf5 36. exf5 Nb6+ 37. Kc5 Bxd5 38. Nf4 Bc6 39. Ne6+ Kb7 40.
f6 Nd7+ 41. Kd6 Nfe5 42. Nc5+ Nxc5 43. Kxc5 Nd7+ 44. Kd6 Nxf6 45. Ke7 Nd5+ 46. Kd6 Rxa7 47. Rxa7+ Kxa7 48. Kxc6 h3 49. Kxd5 h2 50. Kd6 h1=Q 51.
c4 Kb8 52. c5 Kc8 53. c6 Qh6+ 54. Kc5 Kc7 55. Kd4 Qxc6 0-1

[Event "*** SCC Grand Prix: Titled Tuesday Blitz"]
[Site "Chess.com"]
[Date "2020.06.23"]
[Round "4"]
[White "exoticprincess"]
[Black "Roman_Ovetchkin"]
[Result "1-0"]
[WhiteElo "2784"]
[BlackElo "2571"]
[TimeControl "180+1"]
[EndTime "10:40:56 PDT"]
[Termination "exoticprincess won on time"]

1. d4 Nf6 2. c4 g6 3. Nc3 Bg7 4. e4 d6 5. Be2 O-O 6. h4 c5 7. d5 b5 8. cxb5 a6 9. bxa6 Bxa6 10. h5 Qa5 11. hxg6 Nxe4 12. gxh7+ Kh8 13. Kf1 Nxc3 14.
bxc3 Qxc3 15. Rb1 Qa5 16. Bb2 Bxb2 17. Rxb2 Nd7 18. Qa1 Qc3 19. Rh3 Qd4 20. Bxa6 Rxa6 21.
Ne2 Qe5 22. Re3 Qf6 23. Rf3 Qe5 24. Qc1 Nf6 25. Qh6 Raa8 26. Qc1 Rfb8 27. Rxb8+ Rxb8 28. Nc3 Qh5 29. Rh3 Qg6 30. Rg3 Qh5 31. Kg1 Nxh7 32. Rh3 Qg6 33. Qe3 Rg8 34. Rg3 Qf6 35. Rxg8+ Kxg8 36. a4 Qf5 37. Qxe7 Qd3 38. Qe3 Qc4 39. Qg3+ Kh8 40.
a5 Qa6 41. Ne4 Qxa5 42. Nxd6 Qa1+ 43. Kh2 Qf6 44. Kg1 Qa1+ 45. Kh2 Qf6 46. Kh3 Qh6+ 47.
Kg4 Qg6+ 48. Kf3 Qd3+ 49. Kf4 Qd4+ 50. Ne4 Qxd5 51. Qc3+ Qd4 52. Qxc5 Qxc5 53. Nxc5 Kg7 54. Kf5 Nf6 55. Ne4 Nd5 56. Ke5 Ne7 57. Nd6 Nc6+ 58. Ke4 Kg6 59. f4 Ne7 60. g4 Nc6 61. Nc4 Ne7 62.
Ne5+ Kg7 63. Kd4 Nc8 64. Kd5 Nb6+ 65. Kc5 Nc8 66. Nc6 Kf6 67. Nb4 1-0

[Event "*** SCC Grand Prix: Titled Tuesday Blitz"]
[Site "Chess.com"]
[Date "2020.06.23"]
[Round "4"]
[White "Ekka83"]
[Black "Chessmasterzt"]
[Result "0-1"]
[WhiteElo "2345"]
[BlackElo "2599"]
[TimeControl "180+1"]
[EndTime "10:40:56 PDT"]
[Termination "Chessmasterzt won on time"]

1. e4 d5 2. exd5 Nf6 3. Nf3 Bg4 4. Be2 Qxd5 5. O-O Nc6 6. Nc3 Qf5 7. d3 e6 8. Ng5 Bxe2 9. Qxe2 Nd4 10. Qd1 Be7 11. Be3 c5 12. Nge4 O-O 13. Ng3 Qg6 14. Nce4 Rfd8 15. c3 Nf5 16. Bxc5 Nxg3 17. Nxf6+ Bxf6 18. hxg3 Rxd3 19. Qb3 b6 20. Ba3 Rad8 21. Rad1 Qg4 22.
Rxd3 Rxd3 23. Qb5 Rd8 24. Qa6 Rd7 25. Qc8+ Rd8 26. Qb7 h6 27. Qxa7 Rd1 28. Qa8+ Kh7 29. Qf3 Rxf1+ 30. Kxf1 Qc4+ 31. Kg1 Qxa2 32. Qe4+ Kg8 33.
Qb7 Qb3 34. Qc8+ Kh7 35. Qc6 b5 36. Qe4+ Kg8 37. Qb4 Qxb4 38. Bxb4 g5 39. Kf1 Be5 40. Ke2 f5 41. Kd3 Kf7 42. Bc5 Ke8 43. Bd4 Bd6 44.
Bg7 h5 45. Bf6 g4 46. Kd4 Kd7 47. Be5 Be7 48. b4 Bd8 49. f4 Bb6+ 50. Kd3 Kc6 51. Bd4 Bc7 52. Bc5 Kd5 53. Bf2 e5 54. Be3 exf4 55.
gxf4 h4 56. Bf2 g3 57. Be3 Bd6 58. Ke2 Ke4 0-1